 Dungeon Crawl Stone Soup version 0.29-a0-187-ga23d9638d5 (webtiles) character file.

Game seed: 7094797942391546435

522 Zeldest the Skirmisher (level 7, 0/62 HPs)
             Began as a Hill Orc Fighter on Feb 21, 2022.
             Was an Initiate of Okawaru.
             Slain by Pikel (5 damage)
             ... on level 4 of the Dungeon.
             The game lasted 00:05:09 (3284 turns).

Zeldest the Skirmisher (Hill Orc Fighter)           Turns: 3284, Time: 00:05:09

Health: 0/62       AC:  0    Str: 21    XL:     7   Next: 22%
Magic:  8/8        EV: 14    Int:  8    God:    Okawaru [......]
Gold:   316        SH:  5    Dex: 10    Spells: 6/6 levels left

rFire   . . .      SeeInvis .   a - +0 war axe
rCold   . . .      Faith    .   c - +0 buckler
rNeg    . . .      Spirit   .   f - +0 troll leather armour
rPois   .          Reflect  .   (no helmet)
rElec   .          Harm     .   (no cloak)
rCorr   .          Rampage  .   (no gloves)
Will    .....                   (no boots)
Stlth   +.........              (no amulet)
HPRegen 1.00/turn               n - +4 ring of evasion
MPRegen 0.11/turn               (no ring)

@: mighty, corroded
A: no striking features
a: Renounce Religion


You were on level 4 of the Dungeon.
You worshipped Okawaru.
Okawaru was noncommittal.
You visited 2 branches of the dungeon, and saw 6 of its levels.

You collected 371 gold pieces.
You spent 55 gold pieces at shops.

Inventory:

Hand Weapons
 a - a +0 war axe (weapon)
Missiles
 k - a throwing net (quivered)
Armour
 c - a +0 buckler (worn)
 f - a +0 troll leather armour (worn)
Jewellery
 n - a +4 ring of evasion (left hand)
 p - a ring of flight
Scrolls
 b - 2 scrolls of immolation {unknown}
 g - a scroll of enchant armour
 h - 2 scrolls of enchant weapon {unknown}
 j - 4 scrolls of teleportation
 m - 2 scrolls of fog {unknown}
 o - 3 scrolls of magic mapping
 q - a scroll of acquirement {unknown}
 r - a scroll of silence {unknown}
 s - a scroll of identify
 t - a scroll of amnesia {unknown}
Potions
 d - 2 potions of flight
 e - a potion of resistance
 i - 3 potions of curing


   Skills:
 + Level 5.6 Fighting
 + Level 5.4 Axes
 + Level 5.1 Armour
 + Level 5.1 Shields
 + Level 1.6 Invocations


You had 6 spell levels left.
You didn't know any spells.
Your spell library contained the following spells:

 Spells                   Type           Power      Damage    Failure   Level
 Apportation              Tloc           0%         N/A       54%         1
 Magic Dart               Conj           0%         1d3       54%         1
 Ensorcelled Hibernation  Hex/Ice        0%         N/A       67%         2
 Passwall                 Tmut/Erth      0%         N/A       67%         2
 Mephitic Cloud           Conj/Pois/Air  0%         N/A       88%         3
 Swiftness                Air            0%         N/A       88%         3
 Alistair's Intoxication  Tmut/Pois      0%         N/A       100%        5
 Call Imp                 Summ           Unusable   N/A       N/A         2
 Summon Ice Beast         Ice/Summ       Unusable   N/A       N/A         4
 Summon Mana Viper        Hex/Summ       Unusable   N/A       N/A         5
 Monstrous Menagerie      Summ           Unusable   N/A       N/A         7

Dungeon Overview and Level Annotations

Branches:
Dungeon (5/15)             Temple (1/1) D:4

Altars:
Ashenzari
Dithmenos
Elyvilon
Fedhas
Gozag
Hepliaklqana
Kikubaaqudgha
Makhleb
Nemelex Xobeh
Okawaru
Ru
Sif Muna
Vehumet
Wu Jian
Yredelemnul
Zin
The Shining One

Shops:
D:2 [==*(   D:3 (   D:4 *

Annotations:
D:4 Pikel


Message History

You hit the lemure.
The lemure is severely wounded.
The lemure barely misses you. The lemure hits you!
* * * LOW HITPOINT WARNING * * *
You slash the lemure!
You kill the lemure!
That felt strangely unrewarding.
You start resting.
HP restored.
There is a stone staircase leading down here.
You climb downwards.
Level annotation: Pikel
There is a stone staircase leading up here.
Press: ? - help, v - describe, . - travel
Here: Pikel, wielding a +0 whip of freezing, wearing a +0 robe and carrying a wand of acid (5)
The floor.
You aren't carrying any items that you can evoke.
Unknown command.
Okay, then.
Okay, then.
You block Pikel's attack.
You feel very mighty all of a sudden. You block Pikel's attack.
You slash Pikel!
Pikel is moderately wounded.
Pikel zaps a wand.
The bolt of acid hits you!! The acid corrodes you! You block Pikel's attack.
You slash Pikel!
Pikel is heavily wounded.
Pikel zaps a wand.
The bolt of acid misses you.
You slice Pikel!!
Pikel is almost dead.
Pikel zaps a wand.
The bolt of acid hits you!!
* * * LOW HITPOINT WARNING * * *
You barely miss Pikel.
Pikel is almost dead.
Pikel hits you with a +0 whip of freezing!
* * * LOW HITPOINT WARNING * * *
Pikel freezes you.
You die...

...............#...(#..#...##
.....####.##.###....#.......#
###...###.#..# ######...≈...#
#.....#)#.#########.......#
##.##......#.....##..≈.∩.§.#
#(.##..............K.......#
#.###.....>#.....##....#...#
#.###......#...K.#.........#
##..............@.#.#########
#..#######..........# ...#
###........<.####
..####...............#
.............#.#####.##
.............#...PPPPP#
.................P[..P#
.............#...P....#
.............#...P...P#


You could see Pikel.

Vanquished Creatures
  A necrophage (D:4)
  A centaur (D:4)
  A lemure (D:3)
  A phantom (D:4)
  An orc priest (D:4)
  An iguana (D:4)
  An orc wizard (D:4)
  A hound skeleton (D:4)
  3 adders
  7 gnolls
  3 worms (D:3)
  2 dart slugs
  4 orcs
  6 ball pythons
  6 endoplasms
  4 giant cockroaches
  12 goblins
  4 hobgoblins
  5 jackals
  3 kobolds (D:1)
  4 quokkas
  7 bats
  3 frilled lizards
  3 rats (D:3)
  A spectral goblin (D:2)
85 creatures vanquished.

Vanquished Creatures (others)
  3 toadstools (D:4)
3 creatures vanquished.

Grand Total: 88 creatures vanquished

Notes
Turn   | Place    | Note
-------+----------+-------------------------------------------
     0 | D:1      | Zeldest the Hill Orc Fighter began the quest for the Orb.
     0 | D:1      | Reached XP level 1. HP: 19/19 MP: 1/1
   275 | D:1      | Reached XP level 2. HP: 22/27 MP: 2/2
   572 | D:1      | Reached XP level 3. HP: 33/33 MP: 3/3
  1046 | D:2      | Found Ostripn's Assorted Antiques.
  1051 | D:2      | Bought a scroll labelled BEAPYM DEYJOTT for 19 gold pieces
  1051 | D:2      | Bought a scroll labelled USANIA OMOA for 19 gold pieces
  1051 | D:2      | Bought a glowing pink potion for 17 gold pieces
  1087 | D:2      | Found Orup's Antique Weapon Emporium.
  1112 | D:2      | Found Wycy's Jewellery Emporium.
  1240 | D:2      | Found a faded altar of an unknown god.
  1580 | D:2      | Found Vippuargh's Jewellery Shoppe.
  1581 | D:2      | Found Odopiur's Antique Armour Emporium.
  1958 | D:3      | Reached XP level 4. HP: 40/40 MP: 4/4
  2225 | D:3      | Found Jefor's Antique Weapon Shoppe.
  2302 | D:3      | Reached XP level 5. HP: 23/47 MP: 5/5
  2377 | D:4      | Noticed a phantom
  2406 | D:4      | Killed a phantom
  2407 | D:4      | Reached skill level 5 in Fighting
  2412 | D:4      | Reached XP level 6. HP: 34/56 MP: 6/6
  2506 | D:4      | Found a staircase to the Ecumenical Temple.
  2542 | D:4      | Reached skill level 5 in Axes
  2557 | Temple   | Entered the Ecumenical Temple
  2732 | Temple   | Became a worshipper of Warmaster Okawaru
  2841 | D:4      | Noticed a necrophage
  2853 | D:4      | Killed a necrophage
  2854 | D:4      | Reached skill level 5 in Shields
  2854 | D:4      | Reached skill level 1 in Invocations
  2854 | D:4      | Reached XP level 7. HP: 50/60 MP: 7/7
  2898 | D:4      | Reached skill level 5 in Armour
  2961 | D:4      | Found Punn's Elemental Accessories.
  3191 | D:5      | Entered Level 5 of the Dungeon
  3192 | D:5      | Found a shadowy altar of Dithmenos.
  3192 | D:5      | Noticed Pikel
  3208 | D:4      | HP: 2/62 [Pikel (3)]
  3284 | D:4      | Slain by Pikel

Illustrated notes

Levels and vault maps discovered:
D:1:      giann_bridges, layout_loops_ring, minmay_tree_intersection,
          chequers_serial_rivers_large_a
D:2:      layout_loops_corners, dreamdust_ecumenical_altar_drowned_temple,
          serial_shops, shop, nicolae_square_shop, nicolae_shop_crystal,
          nicolae_shop_trees, nicolae_shop_window_shopping, due_unseen_surprise
D:3:      minmay_bubble_buster, layout_rooms, serial_shops,
          nicolae_shop_temple_entry_statues_fountains
D:4:      layout_rooms, minmay_temple_entry_proselytizer,
          nicolae_elemental_shop, minmay_gold_behind_fungi, corexii_corridor_pit
D:5:      layout_layer_cave, mainiacjoe_overflow_catwalk, enter_ossuary_2,
          bh_walls_and_bars, uniq_duvessa, uniq_grinder, uniq_blork_the_orc,
          uniq_prince_ribbit1, uniq_pikel
Temple:   nicolae_temple_elliptical

Skill      XL: |  1  2  3  4  5  6  7 |
---------------+----------------------+-----
Axes           | 3 4 5 |  5.4
Fighting       | 4 5 |  5.6
Armour         | 4 5 |  5.1
Shields        | 4 5 |  5.1
Invocations    | 1 |  1.6

Action                   |  1- 3 |  4- 6 |  7- 9 || total
-------------------------+-------+-------+-------++-------
Melee: War axe           |   157 |   151 |    25 ||   333
  Use: Scroll            |     3 |     4 |       ||     7
       Potion            |       |     2 |     1 ||     3
Armor: Scale mail        |    33 |       |       ||    33
       Troll leather arm |    34 |    33 |     9 ||    76
Dodge: Dodged            |   109 |   100 |    28 ||   237
Block: Buckler           |    48 |    33 |     8 ||    89

Table legend: (Time is in decaauts)
 A = Elapsed time spent in this place.
 B = Non-inter-level travel time spent in this place.
 C = Inter-level travel time spent in this place.
 D = Time resting spent in this place.
 E = Time spent auto-exploring this place.
 F = Levels seen in this place.
 G = Mean time per level.
                   A        B        C        D        E       F      G
               +--------+--------+--------+--------+--------+-----+--------+
         Total |   3421 |   3286 |    135 |    398 |   2056 |   6 |  570.2 |
       Dungeon |   3225 |   3110 |    115 |    398 |   1914 |   5 |  645.0 |
        Temple |    195 |    175 |     20 |      0 |    142 |   1 |  195.0 |
               +--------+--------+--------+--------+--------+-----+--------+

Top non-repeatable levels by time:
     D:1: 1011 daAuts
     D:2: 907 daAuts
     D:4: 709 daAuts
     D:3: 584 daAuts
  Temple: 195 daAuts
     D:5: 13 daAuts
